AoeStats
← Franklin

Yucatan

510953609Analyzed
3v3 RM · 7h ago on Oct 3, 2026· 50m 31s· 6 players
Game mode
Random Map
Map size
Normal (6 player)
Population
200
Speed
Normal
Resources
Standard
Victory
Conquest
Starting age
Dark Age
Ending age
Imperial Age
RankedLock teamsTeams togetherTeam positionsShared explorationLock speedFull tech treeHidden civsTurbo modeCheats
Victory
Defeat
🇦🇷 Inca · Argentina
983
+15
🇦🇷 Magyars · Argentina
944
+17
🇦🇷 Bohemians · Argentina
843
+21
🇲🇽 Franks · Mexico
1016
-20
🇺🇸 Jurchens · United States
968
-18
🇨🇳 Turks · China
895
-15
SillyLittleGoose
11:02 Feudal Age
11:34 Loom
13:14 Double-Bit Axe
13:09 Horse Collar
16:53 Castle Age
16:30 Wheelbarrow
20:39 Bloodlines
[GDL] DannX
11:18 Feudal Age
15:40 Loom
19:08 Castle Age
19:56 Fletching
28:46 Scale Barding Armor
29:45 Husbandry
30:37 Gold Mining
31:30 Double-Bit Axe
36:47 Imperial Age
35:11 Chain Barding Armor
36:10 Gold Shaft Mining
35:25 Stone Mining
37:48 Wheelbarrow
38:10 Conscription
38:10 Cavalier
39:03 Forging
41:34 Plate Barding Armor
41:37 Iron Casting
41:52 Pikeman
44:39 Blast Furnace
45:00 Hand Cart
50:10 Hoardings
50:33 Chivalry
2579439892
15:39 Feudal Age
16:44 Loom
Geltros
6:39 Loom
10:38 Feudal Age
13:05 Double-Bit Axe
16:06 Scale Mail Armor
16:16 Forging
18:57 Castle Age
19:26 Horse Collar
20:23 Iron Casting
21:16 Pikeman
21:57 Squires
25:18 Bow Saw
32:38 Imperial Age
33:13 Halberdier
34:23 Chain Mail Armor
35:08 Blast Furnace
36:32 Two-Man Saw
41:24 Chemistry
46:32 Guard Tower
46:36 Arrowslits
47:24 Conscription
48:23 Keep
48:11 Bombard Tower
48:31 Keep
49:22 Plate Mail Armor
Franklin
11:38 Feudal Age
12:10 Loom
11:53 Champi Runner
13:44 Double-Bit Axe
14:28 Arson
15:50 Horse Collar
17:27 Forging
22:55 Gold Mining
25:42 Scale Mail Armor
30:36 Castle Age
32:11 Fletching
32:22 Padded Archer Armor
32:57 Iron Casting
32:37 Chain Mail Armor
33:11 Champi Warrior
33:11 Pikeman
33:52 Squires
34:38 Bodkin Arrow
35:00 Leather Archer Armor
35:11 Elite Skirmisher
36:04 Thumb Ring
38:01 Ballistics
41:20 Imperial Age
41:46 Imperial Age
41:12 Wheelbarrow
40:51 Bow Saw
40:42 Heavy Plow
41:19 Gold Shaft Mining
43:11 Theocracy
42:51 Block Printing
44:07 Hand Cart
44:16 Hand Cart
45:39 Crop Rotation
45:05 Capped Ram
46:36 Elite Champi Warrior
46:37 Halberdier
49:36 Capped Ram
Blessed5887
4:57 Loom
10:09 Feudal Age
16:52 Bloodlines
24:31 Castle Age
23:42 Scale Barding Armor
24:29 Stone Mining
24:25 Double-Bit Axe
31:19 Horse Collar
32:33 Corvinian Army
35:47 Gold Mining
37:44 Chain Barding Armor
41:43 Imperial Age
42:26 Recurve Bow
42:01 Elite Magyar Huszar
46:00 Plate Barding Armor
46:01 Onager
50:28 Town Watch
Connection lost

Rejoining the realm…

Still unreachable

The connection could not be restored.

Session expired

The server has moved on; the page needs a fresh start.